AoeStats
← ITA | Raffy

Black Forest

503427217Analyzed
4v4 RM · 1mo ago on Aug 31, 2026· 88m 47s· 8 players
Game mode
Random Map
Map size
Large (8 player)
Population
200
Speed
Normal
Resources
Standard
Victory
Conquest
Starting age
Dark Age
Ending age
Imperial Age
RankedLock teamsTeams togetherTeam positionsShared explorationLock speedFull tech treeHidden civsTurbo modeCheats
Victory
Defeat
🇹🇷 Bohemians · Türkiye
1410
+16
🇬🇧 Ethiopians · United Kingdom
1395
+17
🇮🇹 Khmer · Italy
1384
+17
🇹🇷 Persians · Türkiye
1368
+18
🇮🇳 Franks · India
1425
-18
🇹🇼 Khmer · Taiwan
1422
-18
🇨🇦 Bohemians · Canada
1417
-17
🇨🇳 Burmese · China
1365
-15
rizz
1:36 Loom
11:08 Feudal Age
17:12 Castle Age
17:24 Double-Bit Axe
18:07 Fletching
25:11 Horse Collar
30:11 Imperial Age
32:23 Scale Mail Armor
32:46 Squires
34:12 Chain Mail Armor
37:38 Forging
42:04 Iron Casting
41:14 Halberdier
43:40 Chemistry
48:35 Wheelbarrow
57:37 Hand Cart
58:03 Town Watch
61:59 Arson
65:40 Blast Furnace
65:11 Plate Mail Armor
72:41 Heavy Plow
75:13 Caravan
84:27 Bodkin Arrow
84:50 Bow Saw
85:51 Scale Barding Armor
85:50 Light Cavalry
86:30 Husbandry
87:17 Hussar
klostrofobikköstebek
11:01 Feudal Age
14:41 Castle Age
13:15 Double-Bit Axe
13:16 Horse Collar
17:11 Wheelbarrow
16:45 Heavy Plow
16:53 Loom
21:38 Bow Saw
23:17 Hand Cart
28:30 Imperial Age
26:00 Gold Mining
26:01 Stone Mining
26:53 Scale Barding Armor
27:00 Forging
28:52 Chain Barding Armor
28:44 Bloodlines
28:35 Husbandry
29:51 Chemistry
30:36 Two-Man Saw
30:07 Crop Rotation
30:21 Plate Barding Armor
30:45 Gold Shaft Mining
30:46 Stone Shaft Mining
31:25 Conscription
31:45 Iron Casting
31:31 Elite War Elephant
34:32 Blast Furnace
35:39 Devotion
37:10 Ballistics
37:17 Padded Archer Armor
37:07 Fletching
38:25 Citadels
39:04 Leather Archer Armor
38:45 Bodkin Arrow
41:10 Caravan
42:35 Ring Archer Armor
43:01 Crossbowman
43:52 Kamandaran
43:41 Light Cavalry
44:39 Hussar
48:57 Scale Mail Armor
57:51 Chain Mail Armor
57:45 Thumb Ring
57:19 Pikeman
58:00 Squires
57:45 Arson
58:04 Halberdier
60:51 Plate Mail Armor
60:41 Elite Skirmisher
62:13 Elite Skirmisher
waLLefps.
0:41 Loom
12:46 Feudal Age
16:27 Castle Age
14:13 Double-Bit Axe
14:58 Horse Collar
16:03 Town Watch
23:42 Wheelbarrow
23:54 Fervor
24:07 Sanctity
26:08 Hand Cart
32:17 Imperial Age
29:44 Fletching
29:55 Padded Archer Armor
29:56 Scale Mail Armor
30:06 Forging
33:17 Imperial Age
32:00 Chemistry
31:00 Bodkin Arrow
31:23 Leather Archer Armor
31:33 Ballistics
32:24 Wagenburg Tactics
33:14 Heavy Plow
34:12 Masonry
34:08 Siege Engineers
34:35 Bow Saw
37:18 Architecture
36:43 Houfnice
39:36 Caravan
64:17 Bracer
71:10 Pikeman
71:50 Squires
72:06 Chain Mail Armor
72:27 Iron Casting
73:29 Two-Man Saw
74:25 Ring Archer Armor
74:28 Plate Mail Armor
73:37 Halberdier
81:44 Coinage
ITA | Raffy
6:27 Loom
11:28 Feudal Age
14:29 Castle Age
12:26 Double-Bit Axe
12:25 Horse Collar
15:30 Bow Saw
15:29 Heavy Plow
19:29 Town Watch
21:11 Town Patrol
22:46 Wheelbarrow
22:10 Gold Mining
22:17 Stone Mining
27:13 Imperial Age
25:24 Scale Barding Armor
26:50 Chain Barding Armor
26:40 Forging
27:30 Husbandry
27:40 Bloodlines
28:29 Stone Shaft Mining
28:29 Gold Shaft Mining
28:33 Plate Barding Armor
27:55 Elite Battle Elephant
30:09 Iron Casting
30:05 Caravan
32:12 Blast Furnace
31:56 Crop Rotation
32:10 Hand Cart
33:47 Tusk Swords
34:07 Conscription
34:37 Devotion
37:37 Faith
42:44 Light Cavalry
44:57 Hussar
46:15 Scale Mail Armor
46:24 Pikeman
47:31 Chain Mail Armor
50:18 Halberdier
67:16 Cavalier
Maverick
7:21 Loom
12:51 Feudal Age
14:40 Double-Bit Axe
17:15 Castle Age
18:27 Bow Saw
24:18 Wheelbarrow
29:50 Imperial Age
27:36 Gold Mining
27:54 Scale Barding Armor
28:25 Forging
29:34 Husbandry
30:10 Scale Mail Armor
30:45 Iron Casting
30:17 Squires
29:38 Pikeman
30:03 Arson
31:00 Hand Cart
31:14 Chain Mail Armor
30:29 Cavalier
31:38 Conscription
31:05 Halberdier
34:09 Paladin
35:20 Chivalry
37:38 Blast Furnace
40:08 Chain Barding Armor
40:19 Plate Mail Armor
46:38 Plate Barding Armor
45:57 Light Cavalry
48:17 Plate Barding Armor
48:54 Fortified Wall
49:07 Fletching
50:23 Chemistry
76:46 Elite Skirmisher
78:26 Hoardings
79:22 Caravan
81:26 Padded Archer Armor
83:52 Bodkin Arrow
84:40 Leather Archer Armor
my60703
12:26 Feudal Age
15:11 Castle Age
14:22 Double-Bit Axe
14:50 Horse Collar
16:36 Bow Saw
23:37 Wheelbarrow
24:34 Stone Mining
24:34 Gold Mining
26:29 Stone Shaft Mining
26:31 Gold Shaft Mining
29:31 Imperial Age
28:09 Scale Barding Armor
29:12 Chain Barding Armor
29:03 Forging
29:11 Bloodlines
29:02 Husbandry
28:55 Town Watch
28:56 Loom
30:35 Conscription
30:03 Elite Battle Elephant
31:39 Iron Casting
32:54 Plate Barding Armor
33:07 Tusk Swords
34:25 Blast Furnace
34:22 Devotion
39:33 Caravan
41:40 Hand Cart
41:26 Town Patrol
41:31 Heavy Plow
45:52 Light Cavalry
49:04 Hussar
72:41 Elite Skirmisher
75:02 Fletching
75:13 Padded Archer Armor
78:21 Bodkin Arrow
78:41 Leather Archer Armor
81:37 Bracer
82:02 Ballistics
85:37 Chemistry
87:48 Ring Archer Armor
AlzzStriker
0:44 Loom
12:19 Feudal Age
17:04 Castle Age
16:07 Double-Bit Axe
24:02 Wheelbarrow
27:31 Horse Collar
28:07 Bow Saw
29:05 Heavy Plow
32:57 Imperial Age
32:12 Chemistry
31:05 Fletching
31:49 Bodkin Arrow
33:17 Hand Cart
33:27 Wagenburg Tactics
34:34 Wagenburg Tactics
35:24 Hussite Reforms
36:29 Block Printing
37:39 Illumination
37:26 Fervor
39:28 Theocracy
41:56 Sanctity
41:48 Town Watch
44:52 Padded Archer Armor
45:22 Redemption
45:00 Houfnice
56:22 Coinage
55:53 Caravan
56:06 Guilds
56:51 Leather Archer Armor
56:37 Bracer
56:38 Scale Mail Armor
56:01 Pikeman
56:42 Squires
56:27 Arson
56:54 Forging
58:06 Banking
59:00 Siege Engineers
59:06 Masonry
58:36 Treadmill Crane
59:17 Ballistics
62:54 Chain Mail Armor
63:00 Halberdier
64:12 Plate Mail Armor
74:10 Iron Casting
80:13 Blast Furnace
帝国吕布
9:19 Loom
11:47 Feudal Age
16:19 Castle Age
14:27 Horse Collar
15:05 Man-at-Arms
16:12 Fletching
17:22 Gold Mining
18:23 Long Swordsman
20:08 Crossbowman
22:51 Scale Mail Armor
23:51 Forging
25:11 Chain Mail Armor
26:27 Iron Casting
26:35 Bodkin Arrow
26:59 Squires
29:16 Wheelbarrow
33:31 Imperial Age
32:02 Sanctity
31:52 Redemption
32:29 Fervor
33:06 Stone Mining
34:54 Theocracy
34:44 Hand Cart
37:06 Gold Shaft Mining
43:46 Block Printing
Connection lost

Rejoining the realm…

Still unreachable

The connection could not be restored.

Session expired

The server has moved on; the page needs a fresh start.